 Dungeon Crawl Stone Soup version 0.28.0-43-g3370ac3207 (webtiles) character file.

Game seed: 11411066265820289619

109 DrunkBamboolord the Skirmisher (level 4, 0/39 HPs)
             Began as a Palentonga Fighter on Mar 7, 2022.
             Succumbed to an adder's poison
             ... on level 3 of the Dungeon.
             The game lasted 00:04:17 (1442 turns).

DrunkBamboolord the Skirmisher (Palentonga Fighter) Turns: 1442, Time: 00:04:17

Health: 0/39       AC:  6    Str: 22    XL:     4   Next: 60%
Magic:  4/4        EV:  7    Int:  8    God:
Gold:   68         SH:  4    Dex:  9    Spells: 3/3 levels left

rFire   . . .      SeeInvis +   a - +0 war axe
rCold   . . .      Faith    .   c - +0 buckler
rNeg    . . .      Spirit   .   b - +0 scale mail
rPois   .          Reflect  .   (no helmet)
rElec   .          Harm     .   (no cloak)
rCorr   .          Rampage  .   (no gloves)
Will    .....                   (no barding)
Stlth   ..........              (no amulet)
HPRegen 0.13/turn               (no ring)
MPRegen 0.09/turn               (no ring)

@: lethally poisoned (0 -> -1)
A: large, rugged brown scales 3, see invisible, deformed body, roll 1, armoured
tail
a: Rolling Charge


You were on level 3 of the Dungeon.
You visited 1 branch of the dungeon, and saw 3 of its levels.

You collected 68 gold pieces.

Inventory:

Hand Weapons
 a - a +0 war axe (weapon)
Armour
 b - a +0 scale mail (worn)
 c - a +0 buckler (worn)
Scrolls
 f - 3 scrolls of identify
 g - a scroll of torment {unknown}
 h - a scroll of fear {unknown}
 i - a scroll of teleportation {unknown}
Potions
 d - a potion of might


   Skills:
 * Level 3.7 Fighting
 * Level 3.1 Axes
 * Level 3.1 Armour
 * Level 2.9 Shields


You had 3 spell levels left.
You didn't know any spells.
Your spell library was empty.

Dungeon Overview and Level Annotations

Branches:
Dungeon (3/15)

Altars:


Innate Abilities, Weirdness & Mutations

You are completely covered in rugged brown scales. (AC +3, +7% HP)
You have supernaturally acute eyesight. (SInv)
Armour fits poorly on your strangely shaped body.
You can roll at nearby foes to attack.
You have a long armoured tail.


Message History

You destroy the bullfrog zombie!
The adder bites you.
* * * LOW HITPOINT WARNING * * *
A bat comes into view.
The adder closely misses you.
Your Axes skill increases to level 3!
You closely miss the adder.
The adder is moderately wounded.
The adder bites you but does no damage.
You closely miss the adder.
The adder is moderately wounded.
The bat hits you but does no damage. The adder bites you but does no damage.
The adder bites you.
* * * LOW HITPOINT WARNING * * *
You completely miss the adder.
The adder is moderately wounded.
The bat barely misses you. The adder bites you but does no damage.
The adder bites you.
* * * LOW HITPOINT WARNING * * *
You are poisoned.
The adder poisons you!
You miss the adder.
The adder is moderately wounded.
You barely miss the bat.
* * * LOW HITPOINT WARNING * * *
You feel sick. The bat barely misses you.
The adder bites you but does no damage. The adder bites you.
* * * LOW HITPOINT WARNING * * *
It was a potion of magic.
Magic courses through your body.
* * * LOW HITPOINT WARNING * * *
You feel sick. The bat hits you but does no damage.
The adder barely misses you. The bat hits you but does no damage.
* * * LOW HITPOINT WARNING * * *
You feel sick. The bat closely misses you.
* * * LOW HITPOINT WARNING * * *
You feel sick. The bat barely misses you. The bat hits you but does no damage.
The adder bites you but does no damage.
* * * LOW HITPOINT WARNING * * *
You feel sick. The bat closely misses you.
You die...

###### #.# ###.# #
#...# .#
########...## ##.# .
#......##...##...##..
#......##............
#......#†............
#...<.....b..........
#.......@.S.......>..
#..........()........
#....................
#######?.............
##.............
#./....#.....#
#.###..##...## #..
#..# ##.!. # ...# ##.


You could see an adder and a bat.

Vanquished Creatures
  A bullfrog zombie (D:3)
  3 adders (D:2)
  3 dart slugs
  2 endoplasms (D:1)
  A giant cockroach (D:1)
  3 goblins
  4 hobgoblins
  4 jackals (D:1)
  5 kobolds
  A quokka (D:1)
  5 ball pythons
  4 bats
  A frilled lizard (D:1)
  3 rats
40 creatures vanquished.

Notes
Turn   | Place    | Note
-------+----------+-------------------------------------------
     0 | D:1      | DrunkBamboolord the Palentonga Fighter began the quest for
                  | the Orb.
     0 | D:1      | Reached XP level 1. HP: 19/19 MP: 1/1
   142 | D:1      | Reached XP level 2. HP: 21/25 MP: 2/2
   577 | D:1      | Found a faded altar of an unknown god.
   774 | D:2      | Reached XP level 3. HP: 29/31 MP: 3/3
  1298 | D:2      | Reached XP level 4. HP: 37/37 MP: 4/4
  1441 | D:3      | HP: 1/39 [poisoned by an adder]
  1442 | D:3      | Succumbed to an adder's poison

Illustrated notes

Levels and vault maps discovered:
D:1:      dpeg_arrival_orchard, layout_basic,
          shapermc_ecumenical_altar_notcrosses
D:2:      layout_rooms, grunt_ministairs_13
D:3:      layout_rooms

Skill      XL: |  1  2  3  4 |
---------------+-------------+-----
Armour         | 3 |  3.1
Axes           | 3 |  3.1
Fighting       | |  3.7
Shields        | |  2.9

Action                   |  1- 3 |  4- 6 || total
-------------------------+-------+-------++-------
Melee: War axe           |    95 |    20 ||   115
       Tailslap          |    11 |       ||    11
 Abil: Rolling Charge    |    26 |     8 ||    34
  Use: Scroll            |     1 |       ||     1
       Potion            |       |     2 ||     2
Armor: Scale mail        |    54 |    21 ||    75
Dodge: Dodged            |    34 |    14 ||    48
Block: Buckler           |    12 |     5 ||    17
